 Dungeon Crawl Stone Soup version 0.18-a0-844-g9229740 (webtiles) character file.

119 M4edhros the Charlatan (level 5, -1/33 HPs)
             Began as an Octopode Artificer on Dec 18, 2015.
             Was an Initiate of Fedhas.
             Slain by a mummy (14 damage)
             ... in an ossuary.
             The game lasted 00:03:22 (1524 turns).

M4edhros the Charlatan (Octopode Artificer)         Turns: 1524, Time: 00:03:22

Health: -1/33      AC:  6    Str: 11      XL:     5   Next: 3%
Magic:  7/7        EV: 13    Int: 15      God:    Fedhas [......]
Gold:   108        SH:  0    Dex: 10 (12) Spells: 0 memorised, 4 levels left

rFire  . . .     SeeInvis .     k - +0 short sword (protect)
rCold  . . .     Gourm    .     (no shield)
rNeg   . . .     Faith    .     (helmet restricted)
rPois  .         Spirit   .     (no amulet)
rElec  .         Dismiss  .     (no ring)
rCorr  .         Reflect  .     (no ring)
SustAt .         Harm     .     (no ring)
MR     .....                    (no ring)
Stlth  ++++......               (no ring)
                                (no ring)
                                (no ring)
                                (no ring)

@: not resistant to hostile enchantments, stealthy
A: almost no armour, amphibious, 8 rings, constrict 8, camouflage 1, gelatinous
body 1
a: Renounce Religion


You were in an ossuary.
You worshipped Fedhas.
Fedhas was noncommittal.
You were near starving.

You visited 2 branches of the dungeon, and saw 6 of its levels.
You also visited: Ossuary.

You collected 108 gold pieces.

Inventory:

Hand Weapons
 a - a +0 short sword
 g - a +2 trident of piercing
 h - a +0 hunting sling
 k - a +0 short sword of protection (weapon)
Missiles
 l - 9 stones (quivered)
Wands
 b - a wand of flame (8)
 c - a wand of enslavement (6)
 d - a wand of random effects (13)
 e - a wand of magic darts (7)
 o - a wand of magic darts (26)
Potions
 j - a potion of haste
 p - a potion of curing {unknown}
Comestibles
 f - 3 bread rations
 n - a beef jerky


   Skills:
 - Level 1.0 Fighting
 - Level 1.0 Short Blades
 * Level 3.8 Dodging
 * Level 3.9 Stealth
 + Level 3.9 Evocations


You had 4 spell levels left.
You didn't know any spells.

Dungeon Overview and Level Annotations

Branches:
Dungeon (5/15)             Temple (1/1) D:5

Altars:
Ashenzari
Dithmenos
Fedhas
Gozag
Kikubaaqudgha
Nemelex Xobeh
Okawaru
The Shining One

Annotations:
D:5 Grinder


Innate Abilities, Weirdness & Mutations

You cannot wear most types of armour.
You are amphibious.
You can wear up to eight rings at the same time.
You can use your tentacles to constrict eight enemies at once.
Your skin changes colour to match your surroundings (Stealth).
Your rubbery body absorbs attacks (AC +1).


Message History

Zapping:
b - a wand of flame (9)
Press: ? - help, Shift-Dir - straight line, f/p - mummy
Aim: a mummy (almost destroyed)
The puff of flame hits the mummy.
The mummy is burned terribly!
You destroy the mummy!
You have reached level 5!
You feel stronger.
This wand has 8 charges left.
The mummy completely misses you.
Evoke which item? (* to show all) (? for menu, Esc to quit)
Zapping:
d - a wand of random effects (13)
Press: ? - help, Shift-Dir - straight line, f - mummy
Aim: a mummy
Okay, then.
You closely miss the mummy. You grab the mummy. You constrict the mummy.
You hit the mummy. You grab the mummy.
The mummy is lightly damaged.
You constrict the mummy, but do no damage.
You constrict the mummy. The mummy hits you! The mummy hits you!
You die...
Fedhas appreciates your contribution to the ecosystem.

##+##
#..@#
#.MM#
#...#
#.∩.#
#...#
#.....#
#.#.#.#
#######


You could see 2 mummies.

Vanquished Creatures
  A quasit (D:5)
  A jelly (D:5)
  A mummy (Ossuary)
  Robin (D:3)
  An adder (D:2)
  3 bats
  A giant cockroach (D:1)
  6 goblins
  6 hobgoblins
  A kobold (D:1)
  A quokka (D:5)
  A ball python zombie (D:1)
  A giant newt (D:5)
  A jackal zombie (D:1)
  3 rats
29 creatures vanquished.

Vanquished Creatures (others)
  A hobgoblin (D:3)
  2 goblins (D:3)
3 creatures vanquished.

Grand Total: 32 creatures vanquished

Notes
Turn   | Place    | Note
--------------------------------------------------------------
     0 | D:1      | M4edhros the Octopode Artificer began the quest for the Orb.
     0 | D:1      | Reached XP level 1. HP: 13/13 MP: 3/3
   115 | D:1      | Reached XP level 2. HP: 8/18 MP: 4/4
   872 | D:3      | Noticed Robin
   878 | D:3      | Reached XP level 3. HP: 23/23 MP: 5/5
   901 | D:3      | Killed Robin
  1030 | D:4      | Found a shadowy altar of Dithmenos.
  1089 | D:5      | Entered Level 5 of the Dungeon
  1132 | D:5      | Reached XP level 4. HP: 14/28 MP: 6/6
  1181 | D:5      | Found an ancient bone altar of Kikubaaqudgha.
  1198 | D:5      | Noticed Grinder
  1212 | D:5      | HP: 1/28 [acid (4)]
  1398 | D:5      | Found a staircase to the Ecumenical Temple.
  1407 | Temple   | Entered the Ecumenical Temple
  1459 | Temple   | Became a worshipper of Fedhas Madash
  1503 | D:5      | Found a sand-covered staircase.
  1512 | Ossuary  | Entered an ossuary
  1522 | Ossuary  | Reached XP level 5. HP: 28/33 MP: 7/7
  1524 | Ossuary  | Slain by a mummy

Vault maps used:
D:1:      saegor_arrival_fortress
D:2:      yredelemnul_forgotten_temple_becter, hex_large
D:3:      marbit_many_paths, uniq_robin
D:4:      lemuel_round_altar, gammafunk_temple_overflow_wave
D:5:      lemuel_crystal_altar, minmay_temple_entry_poolview, first_bread,
          enter_ossuary_1, uniq_grinder
Temple:   circular_temple_6
Ossuary:  ossuary_minmay_chase

Action                   |  1- 3 |  4- 6 || total
-------------------------+-------+-------++-------
Melee: Short sword       |    53 |    10 ||    63
       Trident           |     5 |       ||     5
Evoke: Wand              |       |    18 ||    18
  Use: Potion            |     2 |       ||     2
       Scroll            |       |     4 ||     4
 Stab: Sleeping          |     5 |       ||     5
       Invisible         |     1 |       ||     1
